Map: Вечная империя РВ

Players

Doll - Winner!

  • Race: Protoss Protoss
  • Spawn Location: 1:00

ИИ 1 (знаток)

  • Race: Terran Terran
  • Spawn Location: 7:00

VOD

Have the link to the VOD?

Description

Time

  • Played on: May 6, 2020, 6:28 p.m.
  • Length: 7:42
Show
View Real Time Build Order
Export as new Build Order

Doll Protoss - Winner!

Build Orders: Double Forge 

Get SALT Encoding   

  12  0:02  Probe  
  13  0:14  Probe  
  13  0:19  Pylon  
  14  0:26  Probe  
  15  0:39  Probe (Chrono Boost)  
  15  0:40  Gateway  
  16  0:48  Probe (Chrono Boost)  
  17  0:50  Assimilator  
  17  0:53  Probe (Chrono Boost)  
  18  1:06  Probe, Gateway  
  19  1:17  Pylon  
  19  1:19  Probe  
  20  1:27  Zealot  
  22  1:36  Cybernetics Core, Probe (Chrono Boost)  
  23  1:47  Assimilator  
  23  1:49  Probe (Chrono Boost)  
  23  1:53  Zealot  
  26  1:58  Zealot  
  28  2:08  Pylon  
  28  2:12  Warp Gate  
  28  2:21  Stalker  
  30  2:26  Stalker  
  32  2:37  Twilight Council  
  32  2:40  Probe  
  33  2:51  Adept  
  33  2:57  Pylon  
  33  2:58  Sentry  
  37  3:01  Probe  
  38  3:15  Robotics Facility  
  38  3:22  Zealot  
  38  3:25  Zealot  
  42  3:30  Charge  
  42  3:39  Probe  
  43  3:41  Pylon  
  43  3:49  Adept  
  45  3:56  Probe  
  45  4:00  Stalker  
  48  4:15  Immortal  
  52  4:24  Probe  
  52  4:25  Pylon  
  52  4:28  Sentry  
  55  4:55  Forge  
  55  4:58  Forge  
  53  6:06  Zealot, Immortal (Chrono Boost)  
  53  6:07  Zealot  
  34  6:26  Photon Cannon  
  34  6:28  Photon Cannon  
  34  6:29  Photon Cannon  
  34  6:31  Photon Cannon x2  
  34  6:32  Photon Cannon  
  34  6:37  Sentry  
Show
View Real Time Build Order
Export as new Build Order

ИИ 1 (знаток) Terran 

Build Orders:  

Get SALT Encoding   

  12  0:00  SCV  
  13  0:13  SCV  
  14  0:18  Supply Depot  
  14  0:25  SCV  
  15  0:40  SCV  
  16  0:43  Barracks  
  16  0:49  Refinery  
  16  0:52  SCV  
  17  1:04  SCV  
  18  1:16  SCV  
  19  1:21  Supply Depot  
  19  1:28  SCV  
  19  1:32  Marine  
  21  1:42  Orbital Command, Barracks  
  21  1:50  Refinery  
  21  1:51  Barracks Tech Lab  
  21  2:03  Factory  
  21  2:09  Marine  
  22  2:18  Supply Depot  
  22  2:27  Marine  
  22  2:28  Marine  
  24  2:45  Marine  
  24  2:46  Marine  
  24  2:48  Hellion  
  28  2:54  Supply Depot  
  28  3:02  Marine  
  28  3:04  Marine  
  30  3:10  Hellion  
  32  3:20  Marine, SCV  
  32  3:22  Marine  
  32  3:23  Supply Depot  
  35  3:31  Hellion  
  35  3:32  SCV  
  38  3:38  Marine  
  39  3:42  Engineering Bay  
  39  3:44  SCV  
  40  3:52  Hellion  
  42  3:56  SCV  
  43  4:08  SCV  
  44  4:14  Hellion  
  46  4:21  SCV  
  47  5:00  Barracks Tech Lab, Marauder  
  47  5:03  Factory, Factory Tech Lab  
  47  5:05  Supply Depot  
  49  5:07  Terran Infantry Weapons Level 1, Starport  
  49  5:09  Starport  
  49  5:18  Combat Shield  
  49  5:21  Marine  
  49  5:22  Marauder  
  52  5:35  Supply Depot  
  52  5:40  Marauder  
  54  5:43  Marauder  
  54  5:46  Starport Tech Lab x2  
  54  5:47  Factory Tech Lab  
  56  5:53  Ghost Academy  
  50  6:01  Reaper  
  48  6:05  Marauder  
  39  6:13  SCV  
  32  6:25  SCV  
  28  6:32  Ghost  
  28  6:37  SCV  
  23  6:49  SCV  
  24  7:01  SCV  
Tags
 
Add a new tag
Caveats
  • Supply blocks, unpowered buildings, or Contaminate may cause inaccurate times.
  • Supply counts are checked every 10 seconds.